 Dungeon Crawl Stone Soup version 0.15-a0-1619-g29500c9 (webtiles) character file.

4386 PolkaDot the Bewitcher (level 10, -9/63 HPs)
             Began as a Vampire Enchanter on June 20, 2014.
             Was a Believer of Ashenzari.
             Killed from afar by a killer bee (12 damage)
             ... with an exploding inner flame
             ... hexed by the player character
             ... on Level 8 of the Dungeon.
             The game lasted 00:47:50 (9237 turns).

PolkaDot the Bewitcher (Vampire Enchanter)          Turns: 9237, Time: 00:47:51

HP  -9/63        AC  8     Str  7      XL: 10   Next: 13%
MP  12/16        EV 14     Int 20      God: Ashenzari [**....]
Gold 256         SH  4     Dex 20      Spells:  4 memorised,  3 levels left

rFire  . . .     SeeInvis +     b - +2 dagger (drain) (curse)
rCold  + + .     Clarity  .     k - +0 robe {Archmagi} (curse)
rNeg   + + +     rCorr    .     C - +0 buckler (curse)
rPois  +         rRot     +     f - +1 hat (curse)
rElec  .         Spirit   .     n - +0 cloak (curse)
SustAb .         Warding  .     F - +2 pair of gloves {Dex+3} (curse)
rMut   .         Stasis   .     z - +0 pair of boots (curse)
Gourm  .                        (no amulet)
MR     +....                    (no ring)
                                g - cursed +3 ring of dexterity

@: very slightly contaminated, bloodless, non-regenerating, hasted, very quick,
somewhat resistant to hostile enchantments, extraordinarily stealthy
A: bottle blood, fangs 3, see invisible, unbreathing
a: Bat Form, Bottle Blood, Renounce Religion


You were on level 8 of the Dungeon.
You worshipped Ashenzari.
Ashenzari was pleased with you.
You were bloodless.

You visited 2 branches of the dungeon, and saw 9 of its levels.
You also visited: Sewer and Ossuary.

You collected 382 gold pieces.
You spent 126 gold pieces at shops.

Inventory:

Hand weapons
 b - a cursed +2 dagger of draining (weapon)
 w - a +3 dagger of speed
Armour
 f - a cursed +1 hat (worn)
 k - a cursed +0 robe of the Archmagi (worn)
 n - a cursed +0 cloak (worn)
 z - a cursed +0 pair of boots (worn)
 C - a cursed +0 buckler (worn)
 F - a cursed +2 pair of gloves of dexterity (worn)
Magical devices
 r - a wand of lightning (9) {unknown}
 y - a wand of slowing (13)
Scrolls
 a - 2 scrolls of recharging
 d - a scroll of noise
 e - 2 scrolls of fog
 h - 3 scrolls of enchant weapon
 j - 3 scrolls of immolation
 p - a scroll of curse armour
 q - a scroll of fear
 v - 2 scrolls of remove curse
 A - 3 scrolls of curse jewellery
 B - 3 scrolls of curse weapon
 E - a scroll of amnesia {unknown}
 G - a scroll of enchant armour
Jewellery
 g - a cursed +3 ring of dexterity (left hand)
Potions
 i - a potion of lignification
 l - 7 potions of curing
 o - 2 potions of magic
 s - 2 potions of heal wounds
 t - 2 potions of haste
 u - 2 potions of might
 x - 2 potions of poison {unknown}
 D - 2 potions of restore abilities {unknown}
Books
 c - a book of Maledictions

   Spells                             Type                      Level
   *Corona                            Hexes                        1
   Sure Blade                         Hexes/Charms                 2
   *Ensorcelled Hibernation           Hexes/Ice                    2
   *Confuse                           Hexes                        3
   Dazzling Spray                     Conjuration/Hexes            3
   *Enslavement                       Hexes                        4
 m - a book of Party Tricks

   Spells                             Type                      Level
   Summon Butterflies                 Summoning                    1
   Apportation                        Translocation                1
   Blink                              Translocation                2
   Tukima's Dance                     Hexes                        3
   Alistair's Intoxication            Transmutation/Poison         4


   Skills:
 - Level 3.0(5.0) Short Blades
 - Level 2.1(3.9) Dodging
 + Level 13.2(15.1) Stealth
 - Level 2.0 Spellcasting
 * Level 16.0 Hexes
 - Level 1.7 Ice Magic


You had 3 spell levels left.
You knew the following spells:

 Your Spells              Type           Power        Failure   Level  Hunger
a - Corona                Hex            #######      1%          1    #......
c - Confuse               Hex            #######.     1%          3    ###....
d - Ensorcelled Hibernat  Hex/Ice        ######       1%          2    ##.....
e - Enslavement           Hex            #######.     1%          4    #####..


Dungeon Overview and Level Annotations

Branches:
Dungeon (8/15)             Temple (1/1) D:6
   Lair: D:8-11

Altars:
Ashenzari
Cheibriados
Dithmenos
Elyvilon
Fedhas
Gozag
Makhleb
Nemelex Xobeh
Okawaru
Qazlal
Sif Muna
Trog
Vehumet
Xom
Yredelemnul

Shops:
D:5 :   D:7 }=*![

Annotations:
D:4 exclusion: oklob plant


Innate Abilities, Weirdness & Mutations

You do not heal naturally.
You can bottle blood from corpses.
You have razor-sharp teeth.*
You have supernaturally acute eyesight.
You can survive without breathing.*


Message History

The fiery explosion engulfs the gnoll.
The gnoll is severely wounded.
The fiery explosion engulfs the hobgoblin.
The hobgoblin explodes!
You hear an explosion!
Your Hexes skill increases to level 16!
You feel a bit more experienced.
The fiery explosion engulfs the gnoll.
The gnoll explodes!
The fiery explosion engulfs the gnoll.
The gnoll explodes!
The fiery explosion engulfs the gnoll.
The gnoll explodes!
The fiery explosion engulfs the killer bee.
The killer bee explodes!
The fiery explosion engulfs the kobold.
The kobold explodes!
The fiery explosion engulfs you!
* * * LOW HITPOINT WARNING * * *
The fiery explosion engulfs you!
You die...

#
##.######.#####.#
, #.# #.#
#.#*,#### #.# #.#
##.##...S.. , #)#
#.# #........#
#(# #.#
#..#####.# #)#
#.# #..# * #)#
#.#* #..# #(#
#§§###..# ,
#####.# *
#§§§§@§.# *
......#
...§§§§§§§## *
#######,
%.§§§##### .### *
, * , * ,* ,, * ,


There were no monsters in sight!

Vanquished Creatures
  The ghost of Money the Ruffian, an average DDMo (Ossuary)
  Prince Ribbit (D:6)
  A hippogriff (D:8)
  A human (D:7)
  A hungry ghost (D:8)
  The ghost of Yermak the Sneak, an average SpEn (D:6)
  Edmund (D:6)
  2 orc warriors
  A centaur (D:6)
  A sky beast (D:7)
  4 ogres
  Sigmund (D:3)
  A big kobold (D:8)
  4 giant frogs
  A gnoll sergeant (D:8)
  A scorpion (D:8)
  3 ice beasts
  A killer bee (D:8)
  4 wights (D:5)
  2 bog bodies (Ossuary)
  4 hounds
  2 centaur zombies (Ossuary)
  A crimson imp (D:5)
  2 big fish (D:4)
  An orc priest (D:6)
  A giant frog skeleton (D:4)
  Crazy Yiuf (D:3)
  3 giant frog zombies (Ossuary)
  A jelly (D:6)
  3 iguanas
  10 orc wizards
  4 sheep (D:7)
  A gnoll shaman (D:6)
  A two-headed ogre skeleton (D:6)
  A killer bee zombie (D:8)
  Ijyb (D:6)
  The ghost of JOKER the Ruffian, a weakling MiMo (D:3)
  A necrophage zombie (Ossuary)
  A hound zombie (Ossuary)
  9 mummies (Ossuary)
  A worker ant zombie (Ossuary)
  7 gnolls
  11 adders
  A gnoll skeleton (D:8)
  A giant mite (D:5)
  A shadow imp (D:6)
  An inept feature mimic (D:7)
  3 worker ants
  A goliath beetle zombie (Ossuary)
  4 worms
  2 iguana zombies
  An adder zombie (Ossuary)
  4 giant geckos
  26 orcs
  16 bats
  26 goblins
  8 hobgoblins
  An ooze (D:6)
  5 ball pythons
  9 giant cockroaches
  A giant cockroach zombie (Ossuary)
  3 giant gecko zombies
  8 giant newts
  A giant newt zombie (Ossuary)
  4 goblin zombies
  2 green rats (Sewer)
  22 kobolds
  3 orc skeletons
  2 orc zombies
  4 quokkas
  A quokka zombie (D:7)
  9 rats
  4 rat zombies (Ossuary)
275 creatures vanquished.

Notes
Turn   | Place    | Note
--------------------------------------------------------------
     0 | D:1      | PolkaDot, the Vampire Enchanter, began the quest for the Orb.
     0 | D:1      | Reached XP level 1. HP: 13/13 MP: 3/3
   289 | D:1      | Reached XP level 2. HP: 19/19 MP: 4/4
   293 | D:1      | Learned a level 2 spell: Ensorcelled Hibernation
  1156 | D:2      | Reached XP level 3. HP: 24/24 MP: 6/6
  1162 | D:2      | Reached skill level 1 in Ice Magic
  2115 | D:2      | Reached skill level 5 in Stealth
  2118 | D:2      | Reached XP level 4. HP: 27/30 MP: 7/7
  2186 | D:3      | Noticed JOKER's ghost (weakling MiMo)
  2213 | D:2      | Learned a level 3 spell: Confuse
  2220 | D:3      | Killed JOKER's ghost
  2220 | D:3      | Reached skill level 5 in Hexes
  2549 | D:3      | Found a deep blue altar of Sif Muna.
  2610 | D:3      | Reached XP level 5. HP: 24/35 MP: 0/9
  2965 | D:3      | Noticed Sigmund
  2969 | D:3      | Killed Sigmund
  2969 | D:3      | Reached skill level 6 in Stealth
  3114 | D:3      | Noticed Crazy Yiuf
  3122 | D:3      | Killed Crazy Yiuf
  3122 | D:3      | Reached skill level 7 in Hexes
  3559 | D:4      | Found a blossoming altar of Fedhas.
  3592 | D:4      | Reached XP level 6. HP: 29/41 MP: 7/10
  3833 | D:4      | Reached skill level 8 in Hexes
  4002 | D:4      | Found a glowing drain.
  4006 | Sewer    | Entered a sewer
  4690 | D:4      | Reached XP level 7. HP: 43/46 MP: 9/12
  4695 | D:4      | Noticed an oklob plant
  4827 | D:5      | Entered Level 5 of the Dungeon
  4922 | D:5      | Reached skill level 9 in Hexes
  4925 | D:5      | Found Grevuyn's Book Shop.
  5050 | D:5      | Found a bloodstained altar of Trog.
  5061 | D:5      | Found a sparkling altar of Nemelex Xobeh.
  5074 | D:5      | Learned a level 4 spell: Enslavement
  5100 | D:5      | Reached skill level 10 in Hexes
  5357 | D:5      | Reached XP level 8. HP: 52/52 MP: 10/13
  5519 | D:5      | Reached skill level 11 in Hexes
  5771 | D:6      | Found a staircase to the Ecumenical Temple.
  5780 | Temple   | Entered the Ecumenical Temple
  5888 | Temple   | Became a worshipper of Ashenzari the Shackled
  6116 | D:6      | Noticed Ijyb
  6124 | D:6      | Killed Ijyb
  6203 | D:6      | Reached skill level 10 in Stealth
  6279 | D:6      | Reached skill level 12 in Hexes
  6427 | D:6      | Noticed Edmund
  6437 | D:6      | Killed Edmund
  6577 | D:6      | Found a shimmering altar of Xom.
  6702 | D:6      | Noticed Yermak's ghost (average SpEn)
  6704 | D:6      | Reached skill level 13 in Hexes
  6762 | D:6      | Killed Yermak's ghost
  6762 | D:6      | Reached XP level 9. HP: 51/57 MP: 10/14
  6863 | D:6      | Noticed Prince Ribbit
  6870 | D:6      | Killed Prince Ribbit
  7045 | D:7      | Found Pridecw's Jewellery Boutique.
  7123 | D:7      | Found Ucluyngu's Assorted Antiques.
  7137 | D:7      | Bought a pair of glowing gloves for 126 gold pieces
  7146 | D:7      | Found a sand-covered staircase.
  7168 | Ossuary  | Entered an ossuary
  7177 | Ossuary  | Noticed Money's ghost (average DDMo)
  7198 | Ossuary  | Reached skill level 14 in Hexes
  7240 | Ossuary  | Killed Money's ghost
  7882 | D:7      | Found Nuqyuwy's Antique Armour Shoppe.
  7897 | D:7      | Reached skill level 15 in Hexes
  8089 | D:7      | Found a radiant altar of Vehumet.
  8096 | D:7      | Found Ylausm's Distillery.
  8158 | D:7      | Found a snail-covered altar of Cheibriados.
  8219 | D:7      | Found a shattered altar of Ashenzari.
  8224 | D:7      | Saw a vision of the Shoals and the Snake Pit.
  8224 | D:7      | Noticed a sea snake
  8224 | D:7      | Noticed a salamander
  8224 | D:7      | Noticed a sea snake
  8224 | D:7      | Noticed a naga sharpshooter
  8224 | D:7      | Noticed a mana viper
  8224 | D:7      | Noticed a black mamba
  8225 | D:7      | Noticed a mermaid
  8226 | D:7      | Noticed a mermaid
  8227 | D:7      | Noticed a sea snake
  8227 | D:7      | Noticed a naga warrior
  8325 | D:7      | Found Stea's Gadget Shoppe.
  8883 | D:8      | Reached XP level 10. HP: 54/63 MP: 9/16
  9072 | D:8      | Acquired Ashenzari's first power
  9237 | D:8      | Reached skill level 16 in Hexes
  9237 | D:8      | HP: 3/63 [kobold/exploding inner flame[the player character] (26)]
  9237 | D:8      | Killed from afar by a killer bee

Action                   |  1- 3 |  4- 6 |  7- 9 | 10-12 || total
-------------------------+-------+-------+-------+-------++-------
Melee: Dagger            |   116 |   119 |   358 |    50 ||   643
 Cast: Corona            |     5 |     1 |       |       ||     6
       Ensorcelled Hiber |     7 |    34 |    73 |    15 ||   129
       Confuse           |       |     5 |    29 |       ||    34
 Abil: End Transformatio |       |       |     1 |       ||     1
       Bat Form          |       |       |     1 |       ||     1
Evoke: Wand              |       |       |       |     1 ||     1
  Use: Scroll            |       |    11 |    15 |     1 ||    27
       Potion            |       |       |     2 |     1 ||     3
 Stab: Sleeping          |    14 |    32 |    74 |    11 ||   131
       Confused          |       |     2 |    24 |       ||    26
       Distracted        |       |       |     4 |       ||     4
       Invisible         |       |       |     7 |       ||     7
